 Dungeon Crawl Stone Soup version 0.26-a0-1191-ge2a0e31ab3 (webtiles) character file.

Game seed: 3986588118166547851

175 jestyr24 the Chiller (level 5, 0/41 HPs)
             Began as a Draconian Ice Elementalist on Dec 28, 2020.
             Killed by vampiric draining
             ... invoked by Shayle's ghost
              (14 damage)
             ... on level 4 of the Dungeon.
             The game lasted 00:18:11 (3328 turns).

jestyr24 the Chiller (Draconian Ice Elementalist)   Turns: 3328, Time: 00:18:13

Health: 0/41       AC:  6    Str: 10    XL:     5   Next: 29%
Magic:  4/9        EV: 12    Int: 17    God:
Gold:   105        SH:  0    Dex: 11    Spells: 2/10 levels left

rFire    . . .     SeeInvis .   c - +0 hand axe
rCold    . . .     Faith    .   (no shield)
rNeg     . . .     Spirit   .   (armour unavailable)
rPois    .         Reflect  .   (helmet restricted)
rElec    .         Harm     .   (no cloak)
rCorr    .         Rampage  .   (no gloves)
Will     .....                  n - +0 pair of boots
Stlth    ++........             (no amulet)
HPRegen  0.13/turn              (no ring)
MPRegen  0.11/turn              (no ring)

@: frozen ramparts
A: unfitting armour, cold-blooded, AC +5
a: no special abilities


You were on level 4 of the Dungeon.
You visited 1 branch of the dungeon, and saw 4 of its levels.

You collected 105 gold pieces.

Inventory:

Hand Weapons
 c - a +0 hand axe (weapon)
 d - a +0 short sword
Missiles
 e - 57 stones (quivered)
 l - 10 poisoned darts
 p - 5 datura-tipped darts
Armour
 n - a +0 pair of boots (worn)
Scrolls
 a - a scroll of identify {unknown}
 b - a scroll of immolation {unknown}
 f - 2 scrolls of teleportation {unknown}
 i - a scroll of magic mapping {unknown}
 k - a scroll of remove curse {unknown}
Potions
 g - a potion of brilliance {unknown}
 h - a potion of attraction {unknown}
 j - 3 potions of berserk rage {unknown}
 m - 2 potions of curing {unknown}
 o - a potion of haste {unknown}


   Skills:
 - Level 2.2 Fighting
 - Level 1.0 Axes
 - Level 2.0 Dodging
 - Level 1.9 Stealth
 + Level 3.2 Spellcasting
 + Level 5.0 Ice Magic


You had 2 spell levels left.
You knew the following spells:

 Your Spells              Type           Power        Failure   Level
a - Freeze                Ice            80%          2%          1
b - Frozen Ramparts       Ice            40%          6%          3
c - Summon Ice Beast      Ice/Summ       11%          52%         4

Your spell library contained the following spells:

 Spells                   Type           Power        Failure   Level
 Animate Skeleton         Necr           4%           17%         1
 Apportation              Tloc           4%           17%         1
 Corona                   Hex            2%           17%         1
 Summon Small Mammal      Summ           12%          17%         1
 Ozocubu's Armour         Ice            20%          6%          3
 Hailstorm                Conj/Ice       11%          52%         4


Dungeon Overview and Level Annotations

Branches:
Dungeon (4/15)
 Temple: D:4-7

Altars:

Annotations:
D:4 Shayle's ghost, novice PaNe


Innate Abilities, Weirdness & Mutations

Your plain brown scales are hard. (AC +5)
You cannot fit into any form of body armour.
You are cold-blooded and may be slowed by cold attacks.


Message History

Shayle's ghost draws life force from you and is healed!
The wall freezes the big kobold.
The phantom completely resists.
The wall freezes the phantom but does no damage.
The phantom closely misses you.
You barely miss the phantom.
The phantom is lightly damaged.
You hit Shayle's ghost but do no damage.
The wall freezes the kobold.
You kill the kobold!
The wall freezes Shayle's ghost.
Shayle's ghost barely misses you.
The phantom resists.
The wall freezes the phantom.
The phantom completely misses you.
The wall freezes the kobold.
You kill the kobold!
You barely miss Shayle's ghost.
Shayle's ghost is heavily damaged.
You miss the phantom.
The wall freezes the kobold.
You kill the kobold!
The wall freezes Shayle's ghost.
Shayle's ghost is infused with unholy energy.
You die...

. # .### .#
#####..#
..##
P8.##.#
#....
...#.##..<
$.###.'....
$.....K).#
(.###)WW#
#....K#@#
##P8.##.#
#####..#
#..## #.##
#.# #.# #.#
#.#


You could see a phantom, a big kobold, Shayle's ghost and a kobold.

Vanquished Creatures
  Natasha (twice) (D:2)
  A gnoll (D:1)
  4 adders (D:2)
  An ooze (D:1)
  2 worms
  3 dart slugs
  3 leopard geckos
  6 giant cockroaches
  7 hobgoblins
  3 jackals (D:2)
  A quokka (D:3)
  7 bats
  2 frilled lizards
  3 goblins
  14 kobolds
  6 rats
65 creatures vanquished.

Vanquished Creatures (others)
  2 fungi (D:4)
2 creatures vanquished.

Grand Total: 67 creatures vanquished

Notes
Turn   | Place    | Note
-------+----------+-------------------------------------------
     0 | D:1      | jestyr24 the Draconian Ice Elementalist began the quest for
                  | the Orb.
     0 | D:1      | Reached XP level 1. HP: 14/14 MP: 3/3
   158 | D:1      | Reached XP level 2. HP: 20/20 MP: 1/5
   627 | D:1      | Reached XP level 3. HP: 7/26 MP: 0/6
  1627 | D:2      | Reached skill level 1 in Axes
  1627 | D:2      | Reached XP level 4. HP: 31/34 MP: 3/8
  1850 | D:2      | Learned a level 3 spell: Frozen Ramparts
  2277 | D:2      | Noticed Natasha
  2283 | D:2      | Killed Natasha
  2284 | D:2      | Reached skill level 1 in Fighting
  2303 | D:2      | Noticed Natasha
  2362 | D:2      | Killed Natasha
  2363 | D:2      | Reached skill level 5 in Ice Magic
  2363 | D:2      | Reached XP level 5. HP: 29/41 MP: 5/9
  2363 | D:2      | Upgraded the game from 0.26-a0-1184-g95e395e029 to
                  | 0.26-a0-1191-ge2a0e31ab3
  2889 | D:3      | Found a faded altar of an unknown god.
  3152 | D:3      | Learned a level 4 spell: Summon Ice Beast
  3310 | D:4      | Found a runed translucent gate.
  3311 | D:4      | Found a runed translucent gate.
  3312 | D:4      | Found a runed translucent gate.
  3314 | D:4      | Noticed Shayle's ghost (novice PaNe)
  3318 | D:4      | Noticed a phantom
  3328 | D:4      | Killed from afar by Shayle's ghost

Illustrated notes

Levels and vault maps discovered:
D:1:      mrwooster_arrival_statue_2, layout_loops_ring, minivault_14,
          minmay_tripent
D:2:      layout_basic, serial_curves, eino_curves_03, eino_curves_01,
          minmay_misc_feat_four_crosses, uniq_natasha
D:3:      layout_rooms, chequers_ecumenical_altar_island
D:4:      layout_loops_ring, gammafunk_ghost_nasty_kobolds

Skill      XL: |  1  2  3  4  5 |
---------------+----------------+-----
Axes           | 1 |  1.0
Dodging        | 2 |  2.0
Fighting       | 1 2 |  2.2
Spellcasting   | 3 |  3.2
Ice Magic      | 5 |  5.0
Stealth        | |  1.9

Action                   |  1- 3 |  4- 6 || total
-------------------------+-------+-------++-------
Melee: Unarmed           |     4 |       ||     4
       Hand axe          |    51 |    96 ||   147
       Tailslap          |     2 |     3 ||     5
Throw: Stone             |       |    22 ||    22
 Cast: Freeze            |    39 |    10 ||    49
       Frozen Ramparts   |       |     8 ||     8
 Stab: Sleeping          |     2 |     5 ||     7
Armor: Skin              |    20 |    35 ||    55
Dodge: Dodged            |    37 |    84 ||   121

Table legend: (Time is in decaauts)
 A = Elapsed time spent in this place.
 B = Non-inter-level travel time spent in this place.
 C = Inter-level travel time spent in this place.
 D = Time resting spent in this place.
 E = Time spent auto-exploring this place.
 F = Levels seen in this place.
 G = Mean time per level.
                   A        B        C        D        E       F      G
               +--------+--------+--------+--------+--------+-----+--------+
         Total |   3380 |   3311 |     69 |    818 |   1676 |   4 |  845.0 |
       Dungeon |   3380 |   3311 |     69 |    818 |   1676 |   4 |  845.0 |
               +--------+--------+--------+--------+--------+-----+--------+

Top non-repeatable levels by time:
     D:2: 1430 daAuts
     D:1: 1366 daAuts
     D:3: 516 daAuts
     D:4: 67 daAuts
